 Dungeon Crawl Stone Soup version 0.25.1-2-g60ff931df9 (webtiles) character file.

Game seed: 10340678386335820767

63130 funkygono the Blocker (level 14, -8/129 HPs)
             Began as a Minotaur Fighter on Aug 22, 2020.
             Was the Champion of Okawaru.
             Succumbed to a redback's poison
             ... on level 1 of the Spider Nest on Aug 23, 2020.
             The game lasted 01:06:34 (22158 turns).

funkygono the Blocker (Minotaur Fighter)           Turns: 22158, Time: 01:06:34

Health: -8/129     AC: 25    Str: 31    XL:     14   Next: 66%
Magic:  0/22       EV:  8    Int:  7    God:    Okawaru [******]
Gold:   2211       SH: 21    Dex: 14    Spells: 13/13 levels left

rFire    . . .     SeeInvis .   a - +3 mace (protect)
rCold    . . .     Gourm    .   Q - +0 tower shield
rNeg     . . .     Faith    .   w - +0 plate armour of the Barracuda {Slay+5}
rPois    +         Spirit   +   T - +1 hat
rElec    .         Reflect  .   n - +1 cloak
rCorr    .         Harm     .   E - +1 pair of gloves
MR       .....                  i - +2 pair of boots of Instinct {MR- Str+7 Int+2 Dex+2}
Stlth    ..........             F - amulet of guardian spirit
HPRegen  0.31/turn              y - +4 ring of slaying
MPRegen  0.18/turn              u - ring "Huirgh" {rPois MP+9}

@: lethally poisoned (-8 -> -120)
A: retaliatory headbutt, horns 2
a: Heroism, Finesse, Renounce Religion


You were on level 1 of the Spider Nest.
You worshipped Okawaru.
Okawaru was exalted by your worship.
You were not hungry.

You visited 5 branches of the dungeon, and saw 21 of its levels.
You also visited: Sewer and Volcano.

You collected 2211 gold pieces.

Inventory:

Hand Weapons
 a - a +3 mace of protection (weapon)
 b - the +12 hunting sling "Demonslayer" {flame, Stlth+}
   (You found it on level 4 of the Dungeon)

   It causes projectiles fired from it to burn those they strike, causing extra
   injury to most foes and up to half again as much damage against particularly
   susceptible opponents.
   It makes you more stealthy.
Missiles
 B - 234 sling bullets
Armour
 i - the +2 pair of boots of Instinct (worn) {MR- Str+7 Int+2 Dex+2}
   (You acquired it on level 6 of the Dungeon)

   It affects your strength (+7).
   It affects your intelligence (+2).
   It affects your dexterity (+2).
   It affects your resistance to hostile enchantments.
 n - a +1 cloak (worn)
 w - the +0 plate armour of the Barracuda (worn) {Slay+5}
   (Okawaru gifted it to you on level 1 of the Lair of Beasts)

   It affects your accuracy and damage with ranged weapons and melee attacks
   (+5).
 E - a +1 pair of gloves (worn)
 Q - a +0 tower shield (worn)
 T - a +1 hat (worn)
Jewellery
 u - the ring "Huirgh" (right hand) {rPois MP+9}
   (You found it on level 4 of the Dungeon)

   [ring of magical power]

   It protects you from poison.
   It affects your magic capacity (+9).
 x - an uncursed ring of protection from magic
 y - a +4 ring of slaying (left hand)
 F - an amulet of guardian spirit (around neck)
 G - a +4 ring of protection
Wands
 p - a wand of flame (14)
 q - a wand of iceblast (30)
 C - a wand of paralysis (10)
 M - a wand of digging (3)
 U - a wand of disintegration (7)
 V - a wand of acid (6)
 W - a wand of clouds (4)
Scrolls
 j - 8 scrolls of remove curse
 k - 7 scrolls of magic mapping
 s - 4 scrolls of identify
 D - 5 scrolls of teleportation
 I - 2 scrolls of fear
Potions
 d - a potion of might
 e - 17 potions of curing
 h - 2 potions of invisibility
 m - 4 potions of mutation
 o - 2 potions of haste
 t - 3 potions of berserk rage
 v - 7 potions of heal wounds
 A - 9 potions of flight
 H - 4 potions of resistance
 J - a potion of ambrosia
Comestibles
 f - 38 rations


   Skills:
 + Level 13.6 Fighting
 + Level 13.4 Maces & Flails
 + Level 13.6 Slings
 + Level 12.6 Armour
 + Level 4.5 Dodging
 - Level 2.7 Stealth
 + Level 14.0 Shields
 + Level 1.2 Invocations
 + Level 0.1 Evocations


You had 13 spell levels left.
You didn't know any spells.
Your spell library contained the following spells:

 Spells                   Type           Power        Failure   Level  Hunger
 Corona                   Hex            #......      100%        1    ##.....
 Foxfire                  Conj/Fire      #...         100%        1    ##.....
 Freeze                   Ice            #...         100%        1    ##.....
 Sandblast                Erth           #.....       100%        1    ##.....
 Summon Small Mammal      Summ           #...         100%        1    ##.....
 Call Imp                 Summ           #.......     100%        2    ###....
 Passwall                 Tmut/Erth      #.......     100%        2    ###....
 Poisonous Vapours        Pois/Air       #.....       100%        2    ###....
 Slow                     Hex            #.......     100%        2    ###....
 Call Canine Familiar     Summ           #.......     100%        3    ####...
 Conjure Flame            Conj/Fire      #.......     100%        3    ####...
 Frozen Ramparts          Ice            #.....       100%        3    ####...
 Inner Flame              Hex/Fire       #.......     100%        3    ####...
 Mephitic Cloud           Conj/Pois/Air  #.......     100%        3    ####...
 Ozocubu's Armour         Chrm/Ice       #.......     100%        3    ####...
 Portal Projectile        Hex/Tloc       #.....       100%        3    ####...
 Stone Arrow              Conj/Erth      #.....       100%        3    ####...
 Summon Guardian Golem    Hex/Summ       #.......     100%        3    ####...
 Cause Fear               Hex            #.........   100%        4    #####..
 Hailstorm                Conj/Ice       #.......     100%        4    #####..
 Leda's Liquefaction      Hex/Erth       #.........   100%        4    #####..
 Petrify                  Tmut/Erth      #.......     100%        4    #####..
 Sticky Flame             Conj/Fire      #.......     100%        4    #####..
 Summon Ice Beast         Ice/Summ       #.......     100%        4    #####..
 Summon Lightning Spire   Summ/Air       #.......     100%        4    #####..
 Bolt of Magma            Conj/Fire/Erth #.........   100%        5    ######.
 Fireball                 Conj/Fire      #.........   100%        5    ######.
 Iskenderun's Battlesphe  Conj/Chrm      #.......     100%        5    ######.
 Lee's Rapid Deconstruct  Erth           #.........   100%        5    ######.
 Freezing Cloud           Conj/Ice/Air   #.........   100%        6    #######
 Iron Shot                Conj/Erth      #.........   100%        6    #######
 Orb of Destruction       Conj           #.........   100%        7    #######
 Ring of Flames           Chrm/Fire      #.........   100%        7    #######
 Spellforged Servitor     Conj/Summ      #.........   100%        7    #######


Dungeon Overview and Level Annotations

Branches:
Dungeon (11/15)            Temple (1/1) D:4            Lair (6/6) D:11
  Swamp (0/4) Lair:4       Spider (1/4) Lair:2        Slime (0/5) Lair:6
    Orc (2/2) D:10            Elf (0/3) Orc:2         Sewer (visited)
Volcano (visited)

Altars:
Ashenzari
Cheibriados
Dithmenos
Elyvilon
Fedhas
Gozag
Hepliaklqana
Kikubaaqudgha
Makhleb
Nemelex Xobeh
Okawaru
Qazlal
Ru
Sif Muna
Trog
Uskayaw
Vehumet
Wu Jian
Xom
Yredelemnul
Zin
The Shining One
Jiyva

Shops:
D:11 %   Orc:2 ([*(!

Annotations:
Lair:6 1 runed translucent door
Spider:1 Kirke, Roxanne


Innate Abilities, Weirdness & Mutations

You reflexively headbutt those who attack you in melee.
You have a pair of horns on your head.


Message History

* * * LOW HITPOINT WARNING * * *
Something hits you.
* * * LOW HITPOINT WARNING * * *
A redback comes into view.
Okay, then.
Your magical effects are unravelling.
You feel magically purged.
Your transformation has ended.
Your +3 mace of protection unmelds from your body.
Your +1 cloak unmelds from your body.
Your +1 hat unmelds from your body.
Your +1 pair of gloves unmelds from your body.
The +2 pair of boots of Instinct {MR- Str+7 Int+2 Dex+2} unmelds from your body.
Your +0 tower shield unmelds from your body.
The +0 plate armour of the Barracuda {Slay+5} unmelds from your body.
Your +4 ring of slaying unmelds from your body.
The ring "Huirgh" {rPois MP+9} unmelds from your body.
Your +3 mace of protection hums with potential!
You feel your magic capacity increase.
You feel yourself speed up.
You die...

###.....##
........
.......
s...8


sssH ##ss# #ss{# #@# ### You could see Roxanne, a sphinx (summoned), a
tarantella and 7 redbacks.

Vanquished Creatures
  An ettin (Orc:2)
  An ice dragon (Lair:6)
  Fannar (Orc:1)
  A hydra (Lair:6)
  A catoblepas (Lair:1)
  A two-headed ogre (D:10)
  3 death yaks (Lair:5)
  4 orc high priests
  Sonja (Lair:6)
  2 unseen horrors
  5 lindwurms
  5 orc sorcerers
  A wolf spider (Spider:1)
  5 oklob plants
  8 orc knights (Orc:2)
  2 cyclopes (Orc:2)
  2 ugly things
  2 black mambas
  11 elephants
  2 toenail golems (Volcano)
  3 molten gargoyles (Volcano)
  5 torpor snails (Lair:6)
  7 spiny frogs
  3 rime drakes
  A gargoyle (D:10)
  3 efreet (Volcano)
  5 komodo dragons
  A queen bee (Lair:1)
  5 trolls
  3 polar bears
  6 hornets (Lair:6)
  3 tyrant leeches (Lair:6)
  2 bog bodies (Lair:4)
  9 hippogriffs
  A shadow (D:11)
  A vampire (D:10)
  A spriggan (D:8)
  4 wyverns
  3 hogs (Spider:1)
  2 redbacks (Spider:1)
  A wraith (D:10)
  38 yaks
  Eustachio (D:6)
  4 fire elementals (Volcano)
  A basilisk (Lair:1)
  8 wargs
  10 water moccasins
  Duvessa (D:6)
  A floating eye (D:11)
  9 porcupines
  3 sky beasts
  A black bear (D:9)
  25 orc warriors
  2 ice beasts
  An eye of draining (D:8)
  4 phantoms
  12 wolves
  4 ogres
  4 centaurs
  17 crocodiles
  3 big kobolds
  Dowan (D:6)
  13 bullfrogs
  An earth elemental (Volcano)
  2 wyvern skeletons
  3 scorpions
  23 killer bees (Lair:1)
  3 wights (D:11)
  5 howler monkeys
  7 electric eels
  5 jellies
  3 crimson imps
  3 centaur zombies
  A quasit (D:8)
  7 hounds
  19 orc priests
  2 bullfrog skeletons
  2 bullfrog zombies
  17 orc wizards
  3 iguanas
  Ijyb (D:3)
  6 worker ants
  A hound zombie (D:6)
  15 adders
  7 river rats (Sewer)
  A shadow imp (D:4)
  An ooze (D:1)
  2 adder skeletons
  4 worms
  5 dart slugs
  A leopard gecko (D:4)
  61 orcs
  8 ball pythons
  6 giant cockroaches
  13 goblins
  5 hobgoblins
  12 jackals
  30 kobolds
  5 quokkas
  4 bats (D:1)
  8 frilled lizards
  A giant cockroach zombie (D:5)
  A jackal skeleton (D:7)
  A quokka skeleton (D:6)
  29 rats
  A bush (D:11)
  A fire vortex (Volcano)
  3 plants
630 creatures vanquished.

Vanquished Creatures (others)
  3 fire vortices
  5 fungi
  16 plants
  8 toadstools (Lair:1)
32 creatures vanquished.

Grand Total: 662 creatures vanquished

Notes
Turn   | Place    | Note
-------+----------+-------------------------------------------
     0 | D:1      | funkygono the Minotaur Fighter began the quest for the Orb.
     0 | D:1      | Reached XP level 1. HP: 19/19 MP: 0/0
   194 | D:1      | Reached XP level 2. HP: 20/27 MP: 1/1
   316 | D:1      | Reached skill level 4 in Shields
   700 | D:1      | Reached XP level 3. HP: 32/33 MP: 2/2
  1142 | D:2      | Found a stormy altar of Qazlal.
  1316 | D:2      | Found an ancient bone altar of Kikubaaqudgha.
  1485 | D:2      | Reached XP level 4. HP: 40/40 MP: 3/3
  2080 | D:3      | Found a faded altar of an unknown god.
  2101 | D:3      | Reached skill level 1 in Dodging
  2381 | D:3      | Reached XP level 5. HP: 46/46 MP: 4/4
  2397 | D:3      | Noticed Ijyb
  2413 | D:3      | Killed Ijyb
  2730 | D:4      | Found a staircase to the Ecumenical Temple.
  2762 | Temple   | Entered the Ecumenical Temple
  2865 | Temple   | Became a worshipper of Warmaster Okawaru
  3008 | D:4      | Got a transparent hunting sling
  3060 | D:4      | Got a crude bronze ring
  3074 | D:4      | Noticed a phantom
  3117 | D:4      | Killed a phantom
  3117 | D:4      | Reached skill level 5 in Maces & Flails
  3117 | D:4      | Reached skill level 5 in Armour
  3117 | D:4      | Reached skill level 5 in Shields
  3117 | D:4      | Reached XP level 6. HP: 43/53 MP: 5/5
  3250 | D:4      | Got a pitted rapier
  3346 | D:4      | Found a snail-covered altar of Cheibriados.
  3370 | D:4      | Found a sacrificial altar of Ru.
  3579 | D:4      | Found an ornate altar of the Wu Jian Council.
  3716 | D:4      | Identified the +12 hunting sling "Demonslayer" {flame,
                  | Stlth+} (You found it on level 4 of the Dungeon)
  3717 | D:4      | Lost intelligence.
  3717 | D:4      | Identified the +4 rapier of the Desolation of Salt {vorpal,
                  | +Blink rF- Str+9 Int-5} (You found it on level 4 of the
                  | Dungeon)
  3736 | D:5      | Entered Level 5 of the Dungeon
  3746 | D:5      | Reached * piety under Okawaru
  3788 | D:5      | Found a glowing drain.
  3941 | Sewer    | Entered a sewer
  3987 | Sewer    | Reached XP level 7. HP: 60/60 MP: 6/6
  4093 | Sewer    | Reached skill level 1 in Slings
  4867 | D:3      | Identified the ring "Huirgh" {rPois MP+9} (You found it on
                  | level 4 of the Dungeon)
  5685 | D:6      | Reached skill level 6 in Shields
  5763 | D:6      | Noticed Eustachio
  5768 | D:6      | Reached ** piety under Okawaru
  5768 | D:6      | Reached skill level 5 in Fighting
  5774 | D:6      | Killed Eustachio
  5774 | D:6      | Reached skill level 1 in Stealth
  5774 | D:6      | Reached XP level 8. HP: 66/68 MP: 7/7
  5984 | D:6      | Reached skill level 5 in Slings
  6240 | D:6      | Noticed Dowan
  6243 | D:6      | Noticed Duvessa
  6248 | D:6      | Killed Duvessa
  6254 | D:6      | Killed Dowan
  6423 | D:6      | Identified a scroll of acquirement
  6423 | D:6      | Acquired the +2 pair of boots of Instinct {MR- Str+7 Int+2
                  | Dex+2}
  6484 | D:7      | Found a radiant altar of Vehumet.
  6511 | D:7      | Noticed a hippogriff
  6516 | D:7      | Killed a hippogriff
  6516 | D:7      | Reached *** piety under Okawaru
  6650 | D:7      | Reached XP level 9. HP: 72/75 MP: 8/8
  7278 | D:8      | Found a bloodstained altar of Trog.
  7331 | D:8      | Noticed a purple ugly thing
  7335 | D:8      | Killed a purple ugly thing
  7702 | D:8      | Reached **** piety under Okawaru
  7809 | D:8      | Found a white marble altar of Elyvilon.
  7929 | D:8      | Received a gift from Okawaru
  8107 | D:8      | Found a shimmering blue altar of Sif Muna.
  8192 | D:8      | Reached skill level 7 in Shields
  8310 | D:9      | Noticed a troll
  8323 | D:9      | Killed a troll
  8323 | D:9      | Received a gift from Okawaru
  8323 | D:9      | Reached XP level 10. HP: 82/84 MP: 9/9
  8356 | D:9      | Found a blossoming altar of Fedhas.
  8689 | D:9      | Reached skill level 10 in Slings
  8691 | D:9      | Received a gift from Okawaru
  8827 | D:9      | Found a glowing golden altar of the Shining One.
  8894 | D:9      | Found a burning altar of Makhleb.
  9140 | D:10     | Entered Level 10 of the Dungeon
  9203 | D:10     | Reached ***** piety under Okawaru
  9358 | D:10     | Noticed a gargoyle
  9363 | D:10     | Killed a gargoyle
  9462 | D:10     | Noticed a two-headed ogre
  9474 | D:10     | Killed a two-headed ogre
  9474 | D:10     | Reached skill level 8 in Shields
  9589 | D:10     | Received a gift from Okawaru
  9682 | D:10     | Reached XP level 11. HP: 76/94 MP: 10/10
  9724 | D:10     | Killed an unseen horror
  9975 | D:10     | Found a staircase to the Orcish Mines.
 10256 | D:11     | Found a staircase to the Lair.
 10348 | D:11     | Killed an unseen horror
 10433 | D:11     | Noticed an oklob plant
 10437 | D:11     | Killed an oklob plant
 10469 | D:11     | Noticed an oklob plant
 10471 | D:11     | Paralysed by a floating eye for 2 turns
 10480 | D:11     | Noticed an oklob plant
 10481 | D:11     | Paralysed by a floating eye for 4 turns
 10531 | D:11     | Paralysed by a floating eye for 4 turns
 10538 | D:11     | Paralysed by a floating eye for 2 turns
 10616 | D:11     | Noticed an oklob plant
 10625 | D:11     | Killed an oklob plant
 10625 | D:11     | Reached skill level 9 in Shields
 10861 | D:11     | Killed an oklob plant
 10912 | D:11     | Killed an oklob plant
 11226 | D:11     | Received a gift from Okawaru
 11322 | D:11     | Noticed a brown ugly thing
 11326 | D:11     | Killed a brown ugly thing
 11407 | D:11     | Found Cad Til's Food Shoppe.
 11765 | Lair:1   | Entered Level 1 of the Lair of Beasts
 12117 | Lair:1   | Reached skill level 1 in Invocations
 12142 | Lair:1   | Received a gift from Okawaru
 12143 | Lair:1   | Reached XP level 12. HP: 56/106 MP: 7/11
 12549 | Lair:1   | Reached skill level 10 in Shields
 12593 | Lair:1   | Found a runed translucent door.
 12819 | Lair:1   | Found a shimmering blue altar of Sif Muna.
 12836 | Lair:1   | Reached skill level 10 in Armour
 13156 | Lair:1   | Received a gift from Okawaru
 13157 | Lair:1   | Got a bloodstained plate armour {god gift}
 13167 | Lair:1   | Noticed a catoblepas
 13168 | Lair:1   | Identified the +0 plate armour of the Barracuda {Slay+5}
                  | (Okawaru gifted it to you on level 1 of the Lair of Beasts)
 13172 | Lair:1   | Killed a catoblepas
 13172 | Lair:1   | Reached skill level 10 in Fighting
 13172 | Lair:1   | Reached skill level 10 in Maces & Flails
 13909 | Lair:2   | Found a hole to the Spider Nest.
 14524 | Lair:3   | Found a dark tunnel.
 14560 | Volcano  | Entered a volcano
 14696 | Volcano  | Reached skill level 11 in Shields
 16193 | Lair:4   | Received a gift from Okawaru
 16205 | Lair:4   | Reached XP level 13. HP: 116/116 MP: 12/12
 16357 | Lair:4   | Reached ****** piety under Okawaru
 16816 | Lair:4   | Received a gift from Okawaru
 16861 | Lair:4   | Got an iridescent fustibalus {god gift}
 16863 | Lair:4   | Identified the +5 fustibalus of True Grit {freeze, rC+}
                  | (Okawaru gifted it to you on level 4 of the Lair of Beasts)
 16883 | Lair:4   | Found a staircase to the Swamp.
 17348 | Lair:5   | Got a jewelled chain mail
 17359 | Lair:5   | Identified the +2 chain mail "Hihibiap" {rCorr} (You found
                  | it on level 5 of the Lair of Beasts)
 17805 | Lair:5   | Reached skill level 12 in Shields
 17824 | Lair:5   | Received a gift from Okawaru
 17827 | Lair:5   | Got a transparent hunting sling {god gift}
 17828 | Lair:5   | Identified the +2 hunting sling "Puruj" {flame, *Corrode
                  | rPois rF+ rN+} (Okawaru gifted it to you on level 5 of the
                  | Lair of Beasts)
 18291 | Lair:6   | Entered Level 6 of the Lair of Beasts
 18601 | Lair:6   | Noticed Sonja
 18604 | Lair:6   | Killed Sonja
 18890 | Lair:6   | Received a gift from Okawaru
 18917 | Lair:6   | Found a runed translucent door.
 18917 | Lair:6   | Found a viscous altar of Jiyva.
 18917 | Lair:6   | Found a staircase to the Slime Pits.
 18917 | Lair:6   | Noticed an acid blob
 18917 | Lair:6   | Noticed an acid blob
 18917 | Lair:6   | Noticed an acid blob
 19343 | Lair:6   | Found a runed translucent door.
 19353 | Lair:6   | Reached skill level 13 in Shields
 19394 | Lair:6   | Reached XP level 14. HP: 126/126 MP: 13/13
 19590 | Lair:6   | Received a gift from Okawaru
 20113 | Orc:1    | Entered Level 1 of the Orcish Mines
 20399 | Orc:1    | Noticed Fannar
 20408 | Orc:1    | Killed Fannar
 20408 | Orc:1    | Received a gift from Okawaru
 20514 | Orc:1    | Found a bloodstained altar of Trog.
 20622 | Orc:2    | Entered Level 2 of the Orcish Mines
 20706 | Orc:2    | Found Dasaemm Qiok's Distillery.
 20718 | Orc:2    | Received a gift from Okawaru
 20851 | Orc:2    | Found a staircase to the Elven Halls.
 20975 | Orc:2    | Received a gift from Okawaru
 21442 | Orc:2    | Found Hepsosch's Antique Weapon Boutique.
 21478 | Orc:2    | Reached skill level 14 in Shields
 21573 | Orc:2    | Found Boti's General Store.
 21629 | Orc:2    | Found Buowon's Antique Weapon Shoppe.
 21631 | Orc:2    | Found Nuubb's Antique Armour Boutique.
 22133 | Spider:1 | Entered Level 1 of the Spider Nest
 22133 | Spider:1 | Noticed Roxanne
 22141 | Spider:1 | Noticed Kirke
 22155 | Spider:1 | Noticed a sphinx
 22156 | Spider:1 | HP: 3/129 [something (7)]
 22158 | Spider:1 | Succumbed to a redback's poison

Illustrated notes

Levels and vault maps discovered:
D:1:      lemuel_arrival_cross, layout_loops_ring
D:2:      layout_basic, grunt_qazlal_clouds, kiku_gazebo_pond_becter,
          first_ration
D:3:      kennysheep_goblin_castle, layout_basic,
          chequers_ecumenical_altar_island, uniq_ijyb
D:4:      layout_loops_cross, kennysheep_little_box,
          nicolae_ru_sacrificial_ziggurat, minmay_temple_entry_mini_moons,
          kennysheep_slug_shrine
D:5:      layout_cave_pods, gup_sewer_entry_glass
D:6:      layout_basic, uniq_eustachio, uniq_duvessa
D:7:      layout_loops_ring, kennysheep_mini, serial_bayou_pond_b, minivault_14
D:8:      layout_loops_ring, elyvilon_altar_1, lemuel_blue_sif_altar,
          overflow_temple_1_default, the_bakery
D:9:      layout_roguey, fedhas_altar_2, bloody_makhleb, tso_altar
D:10:     wad_river_or_something, layout_irregular_city,
          minmay_orc_entry_guard_dogs
D:11:     layout_cave_pods, lair_entry_dummy, serial_shops,
          nicolae_shop_crystal, disabler_island
Temple:   minmay_temple_curvy_loop
Lair:1:   gammafunk_lair_enchanted_lake, layout_gridlike, special_room
          [special_room_bee], lemuel_oklob_altar
Lair:2:   layout_chaotic_city, dummy_spider_entry, serial_bayou_shore_a,
          serial_bayou_shore_b, grunt_megastairs_2
Lair:3:   layout_small_grid, nicolae_volcano_entry_two_sided, minivault_11,
          infiniplex_staircase_pool
Lair:4:   layout_roguey, skrybe_swamp_entry_bodies, minmay_holes,
          grunt_megastairs_4
Lair:5:   layout_long_grid, serial_bayou, serial_bayou_shore_b,
          serial_bayou_ford_a, serial_bayou_lagoon_a, serial_bayou_pond_c, pond
Lair:6:   wormcave, layout_small_grid, slime_altar_2, uniq_sonja
Spider:1: layout_spider_delve, nicolae_spider_webbed_stairs, uniq_roxanne,
          uniq_kirke
Orc:1:    layout_caves, trog_book, uniq_fannar
Orc:2:    st_orc_elflike, layout_diamond_mine, serial_shops, shop

Skill      XL: |  1  2  3  4  5  6  7  8  9 10 11 12 13 14 |
---------------+-------------------------------------------+-----
Shields        | 4 5 6 7 8 9 11 13 14 | 14.0
Armour         | 4 5 6 7 8 9 11 12 | 12.6
Maces & Flails | 3 4 5 6 7 8 9 11 12 13 | 13.4
Fighting       | 4 5 6 8 9 11 12 13 | 13.6
Dodging        | 1 2 3 4 |  4.5
Slings         | 4 7 9 11 12 13 | 13.6
Stealth        | 1 2 |  2.7
Invocations    | 1 |  1.2
Evocations     | |  0.1

Action                   |  1- 3 |  4- 6 |  7- 9 | 10-12 | 13-15 || total
-------------------------+-------+-------+-------+-------+-------++-------
Melee: Flail             |   107 |       |       |       |       ||   107
       Headbutt          |    21 |    35 |    34 |   107 |   126 ||   323
       Whip              |    28 |   201 |   150 |   120 |       ||   499
       Mace              |       |       |       |   163 |   342 ||   505
       Unarmed           |       |       |       |       |     4 ||     4
 Fire: Hunting sling     |       |     7 |   139 |   269 |   306 ||   721
Throw: Stone             |       |       |       |     5 |       ||     5
Invok: Heroism           |       |       |     3 |     2 |     1 ||     6
Evoke: Wand              |       |       |       |     1 |       ||     1
  Use: Scroll            |     2 |     9 |    14 |     9 |     2 ||    36
       Potion            |       |       |       |     3 |     2 ||     5
  Eat: Chunk             |     2 |     8 |    10 |    19 |    13 ||    52
       Ration            |       |       |     1 |     2 |     2 ||     5
Armor: Scale mail        |    63 |    75 |    46 |       |       ||   184
       Chain mail        |       |       |    16 |   216 |       ||   232
       Plate armour      |       |       |       |    21 |   137 ||   158
Dodge: Dodged            |    39 |    51 |    52 |    80 |    87 ||   309
Block: Kite shield       |    61 |   102 |   105 |     4 |       ||   272
       Tower shield      |       |       |       |   298 |   388 ||   686
